 Dungeon Crawl Stone Soup version 0.31-a0-640-g39d97e502b (webtiles) character file.

Game seed: 15959355118466153797

271 qw the Shooter (level 6, -2/39 HPs)
             Began as a Gargoyle Hunter on Aug 27, 2023.
             Slain by a wight
             ... wielding a +4 halberd
              (6 damage)
             ... on level 4 of the Dungeon.
             The game lasted 00:00:59 (2312 turns).

qw the Shooter (Gargoyle Hunter)                    Turns: 2312, Time: 00:01:00

Health: -2/39      AC:  9    Str: 14    XL:     6   Next: 23%
Magic:  6/6        EV: 11    Int: 10    God:
Gold:   157        SH:  0    Dex: 15    Spells: 5/5 levels left

rFire   . . .        Y - +2 shortbow
rCold   + . .        (shield currently unavailable)
rNeg    + . .        a - +0 ring mail
rPois   inf          (no helmet)
rElec   +            (no cloak)
rCorr   .            (no gloves)
SInv    .            (no boots)
Will    .....        (no amulet)
Stlth   +            f - ring of protection from cold
HPRegen 0.26/turn    (no ring)
MPRegen 0.10/turn

%: no passive effects
@: no status effects
A: sickness immunity, AC +4, negative energy resistance 1, electricity
resistance, torment resistance 1, petrification resistance
a: no special abilities


You were on level 4 of the Dungeon.
You visited 1 branch of the dungeon, and saw 4 of its levels.

You collected 157 gold pieces.


Innate Abilities, Weirdness & Mutations

You are immune to sickness and miasma.
Your stone body is resilient. (AC +4)
You are immune to poison.
You resist negative energy. (rN+)
You are resistant to electric shocks. (rElec)
You are resistant to unholy torment.
You are immune to petrification.


   Skills:
 - Level 4.3 Fighting
 + Level 6.0 Ranged Weapons
 - Level 2.1 Armour
 - Level 1.5 Dodging
 - Level 1.1 Stealth


You had 5 spell levels left.
You didn't know any spells.
Your spell library was empty.

Inventory:

Hand Weapons
 Y - a +2 shortbow (weapon)
Armour
 a - a +0 ring mail (worn)
Jewellery
 f - a ring of protection from cold (left hand)
Scrolls
 g - a scroll of identify
Potions
 k - a potion of heal wounds {unknown}

Dungeon Overview and Level Annotations

Branches:
Dungeon (4/15)
 Temple: D:4-7

Altars:
Sif Muna
Zin


Message History

You shoot an arrow. The arrow hits the wight.
The wight is heavily damaged.
The wight barely misses you.
You shoot an arrow. The arrow hits the wight!
You destroy the wight!
Your Fighting skill increases to level 4!
You have reached level 6!
You start resting.
HP restored.
A wight and an adder come into view.
The adder hisses angrily.
The wight moves out of view.
The adder moves out of view.
Items here: )) [[.
A wight comes into view. It is wielding a +0 spear of flaming.
2303 ||| RETREATING.
2305 ||| Stepping ~*~*~tactically~*~*~ (retreating).
The wight barely misses you.
The wight hits you from afar with a +0 spear of flaming.
The wight burns you. The adder bites you.
2306 ||| Stepping ~*~*~tactically~*~*~ (retreating).
The wight hits you from afar with a +4 halberd!
The wight hits you but does no damage.
2307 ||| Stepping ~*~*~tactically~*~*~ (retreating).
The adder attacks as it pursues you! The adder barely misses you.
The wight hits you with a +0 spear of flaming.
The wight burns you.
2308 ||| Stepping ~*~*~tactically~*~*~ (retreating).
The wight hits you with a +0 spear of flaming.
The wight burns you. The adder bites you but does no damage.
2309 ||| Stepping ~*~*~tactically~*~*~ (retreating).
2310 ||| Stepping ~*~*~tactically~*~*~ (retreating).
You shoot an arrow.
The arrow hits the adder but does no damage.
The adder bites you but does no damage. The adder closely misses you.
You shoot an arrow. The arrow hits the adder.
The adder is lightly wounded.
The wight hits you from afar with a +4 halberd!
The adder barely misses you.
The wight hits you from afar with a +4 halberd.
You die...

#..# ...
... ..# #.#
#.#.# #.#.#
#@#.#
#####S#.#
##...#z#.#
##..7..z#.#
#.......#.#
#.....7...#
#..>......#
#.....7...#
#.......#.#


You could see 2 wights and an adder.

Vanquished Creatures
  2 wights (D:4)
  An orc wizard (D:3)
  4 adders (D:2)
  A gnoll (D:3)
  4 dart slugs
  9 orcs (D:3)
  7 bats
  5 endoplasms
  3 giant cockroaches
  6 hobgoblins
  8 jackals
  6 kobolds
  4 quokkas
  7 ball pythons
  2 frilled lizards (D:1)
  4 goblins
  6 rats
79 creatures vanquished.

Notes
Turn   | Place    | Note
-------+----------+-------------------------------------------
     0 | D:1      | qw the Gargoyle Hunter began the quest for the Orb.
     0 | D:1      | Reached XP level 1. HP: 12/12 MP: 1/1
     0 | D:1      | 0 ||| qw: Version: 0.3-a-74-g0d5e918
     0 | D:1      | 0 ||| qw: Game counter: 19
     0 | D:1      | 0 ||| qw: Melee chars always use a shield: true
     0 | D:1      | 0 ||| qw: God list: Okawaru
     0 | D:1      | 0 ||| qw: Allow faded altars: false
     0 | D:1      | 0 ||| qw: Do Orc after clearing Dungeon:15 true
     0 | D:1      | 0 ||| qw: Do second Lair branch before Depths: true
     0 | D:1      | 0 ||| qw: Lair rune preference: random
     0 | D:1      | 0 ||| qw: Goals: Normal
     0 | D:1      | 0 ||| PLANNING D:1-11
   149 | D:1      | Reached XP level 2. HP: 12/17 MP: 2/2
   490 | D:1      | Reached XP level 3. HP: 21/21 MP: 3/3
   501 | D:1      | Reached skill level 5 in Ranged Weapons
   731 | D:1      | 731 ||| DROPPING ring of wizardry.
   732 | D:1      | 732 ||| READING scroll labelled CIMAASE WUTEHI.
   736 | D:1      | 736 ||| READING 2 scrolls labelled BURYRIHUSO.
   737 | D:1      | 737 ||| READING scroll labelled RECEANIGHA.
   738 | D:1      | 738 ||| READING scroll labelled VOFOKH YMEN.
   739 | D:1      | 739 ||| DROPPING scroll of butterflies.
   762 | D:2      | Reached skill level 3 in Fighting
   854 | D:2      | Reached XP level 4. HP: 21/28 MP: 4/4
  1256 | D:2      | 1256 ||| UPGRADING to ring of protection from cold.
  1257 | D:2      | 1257 ||| READING scroll labelled GIREUH MOWENE.
  1258 | D:2      | 1258 ||| READING scroll labelled NADACORORR.
  1259 | D:2      | 1259 ||| READING 2 scrolls of identify.
  1259 | D:2      | 1259 ||| IDENTIFYING bubbling golden potion
  1260 | D:2      | 1260 ||| DROPPING potion of degeneration.
  1309 | D:3      | 1309 ||| FLEEEEING.
  1315 | D:3      | 1315 ||| FLEEEEING.
  1316 | D:3      | 1316 ||| FLEEEEING.
  1320 | D:3      | 1320 ||| STAIRDANCE
  1339 | D:3      | Reached XP level 5. HP: 21/32 MP: 5/5
  1357 | D:3      | 1357 ||| FLEEEEING.
  1358 | D:3      | 1358 ||| STAIRDANCE
  1449 | D:3      | Reached skill level 6 in Ranged Weapons
  1530 | D:3      | 1530 ||| READING scroll of enchant weapon.
  1530 | D:3      | 1530 ||| ENCHANTING +1 shortbow.
  1900 | D:3      | Found a glowing silver altar of Zin.
  1905 | D:3      | Noticed an angel
  1916 | D:3      | Found a shimmering blue altar of Sif Muna.
  2256 | D:3      | 2256 ||| UPGRADING to +0 ring mail.
  2266 | D:3      | 2266 ||| DROPPING +0 leather armour.
  2267 | D:3      | 2267 ||| READING 3 scrolls of identify.
  2267 | D:3      | 2267 ||| IDENTIFYING cyan potion
  2268 | D:3      | 2268 ||| READING 2 scrolls of identify.
  2268 | D:3      | 2268 ||| IDENTIFYING bubbling grey potion
  2269 | D:3      | 2269 ||| DROPPING potion of attraction.
  2270 | D:3      | 2270 ||| DROPPING potion of lignification.
  2294 | D:4      | Reached XP level 6. HP: 37/39 MP: 6/6
  2303 | D:4      | 2303 ||| RETREATING.
  2305 | D:4      | 2305 ||| Stepping ~*~*~tactically~*~*~ (retreating).
  2306 | D:4      | 2306 ||| Stepping ~*~*~tactically~*~*~ (retreating).
  2307 | D:4      | 2307 ||| Stepping ~*~*~tactically~*~*~ (retreating).
  2308 | D:4      | 2308 ||| Stepping ~*~*~tactically~*~*~ (retreating).
  2309 | D:4      | 2309 ||| Stepping ~*~*~tactically~*~*~ (retreating).
  2310 | D:4      | 2310 ||| Stepping ~*~*~tactically~*~*~ (retreating).
  2312 | D:4      | HP: 4/39 [wight/+4 halberd (7)]
  2312 | D:4      | Slain by a wight

Levels and vault maps discovered:
D:1:      wheals_arrival_shading, layout_loops_ring, minmay_bisected
D:2:      layout_rooms, minmay_liquid_box, minmay_tromino_mix6
D:3:      minmay_chambers_of_twos, layout_basic, nicolae_overflow_crystal_walls,
          zin_angel
D:4:      layout_basic, gammafunk_ghost_smash, grunt_ministairs_9, uniq_menkaure

Skill      XL: |  1  2  3  4  5 |
---------------+----------------+-----
Ranged Weapons | 5 6 |  6.0
Fighting       | 3 4 |  4.3
Armour         | 2 |  2.1
Dodging        | |  1.5
Stealth        | |  1.1

Action                     |  1- 3 |  4- 6 || total
---------------------------+-------+-------++-------
   Fire: Shortbow          |   103 |   120 ||   223
    Use: Scroll            |     4 |     6 ||    10
 Armour: Leather armour    |    25 |     9 ||    34
         Ring mail         |       |     4 ||     4
  Dodge: Dodged            |    53 |    21 ||    74

Table legend:
 A = Non-vault XP
 B = Vault XP
 C = Vault XP percentage of total XP
 D = Non-vault monster count
 E = Vault monster count
 F = Vault count percentage of total count
                 A         B        C        D         E       F
            +---------+---------+-------+---------+---------+-------
      Total |     200 |     188 |  48.5 |      64 |      15 |  19.0
            +---------+---------+-------+---------+---------+-------
        D:1 |      45 |       1 |   2.2 |      23 |       1 |   4.2
        D:2 |      76 |      16 |  17.4 |      22 |       4 |  15.4
        D:3 |      79 |      29 |  26.9 |      19 |       8 |  29.6
        D:4 |       0 |     142 | 100.0 |       0 |       2 | 100.0
            +---------+---------+-------+---------+---------+-------
